 Dungeon Crawl Stone Soup version 0.18.1-48-g4cf74bf (webtiles) character file.

45 Gadfly the Insei (level 3, -10/29 HPs)
             Began as a Demonspawn Monk on July 31, 2016.
             Mangled by Sigmund
             ... wielding a +2 scythe of venom
              (13 damage)
             ... on level 2 of the Dungeon.
             The game lasted 00:02:26 (1350 turns).

Gadfly the Insei (Demonspawn Monk)                  Turns: 1350, Time: 00:02:26

Health: -10/29     AC:  4    Str: 11    XL:     3   Next: 42%
Magic:  3/3        EV: 15    Int: 11    God:
Gold:   99         SH:  0    Dex: 16    Spells: 0 memorised, 2 levels left

rFire  . . .     SeeInvis .       - Unarmed
rCold  . . .     Gourm    .     a - +0 robe
rNeg   . . .     Faith    .     (no shield)
rPois  .         Spirit   .     (helmet restricted)
rElec  .         Dismiss  .     (no cloak)
rCorr  .         Reflect  .     (no gloves)
SustAt .         Harm     .     g - +1 pair of boots
MR     .....                    (no amulet)
Stlth  ++........               (no ring)
                                (no ring)

@: lethally poisoned (-10 -> -20), not resistant to hostile enchantments,
unstealthy
A: horns 1, repulsion field 1, wild magic 1
a: no special abilities


You were on level 2 of the Dungeon.
You were not hungry.

You visited 1 branch of the dungeon, and saw 2 of its levels.

You collected 99 gold pieces.

Inventory:

Armour
 a - a +0 robe (worn)
 g - a +1 pair of boots (worn)
Scrolls
 c - a scroll of enchant armour {unknown}
 f - 2 scrolls of teleportation
 i - a scroll of identify
Potions
 d - 3 potions of curing
 k - a potion of agility
Comestibles
 b - 2 bread rations
 l - a slice of pizza


   Skills:
 + Level 3.5 Fighting
 + Level 2.9 Dodging
 - Level 1.7 Stealth
 + Level 4.2 Unarmed Combat


You had 2 spell levels left.
You didn't know any spells.

Dungeon Overview and Level Annotations

Branches:
Dungeon (2/15)

Altars:

Annotations:
D:2 Sigmund


Innate Abilities, Weirdness & Mutations

You have a pair of small horns on your head.
You are surrounded by a mild repulsion field (EV +2).
Your spells are a little harder to cast, but a little more powerful.


Message History

Sigmund the Dreaded comes into view.
He is wielding a scythe of venom.
Sigmund is nearby!
Sigmund shouts!
Sigmund points at you and mumbles some strange words.
You resist with significant effort.
You start waiting.
Sigmund mumbles some strange words.
Sigmund flickers and vanishes!
Deactivating autopickup; reactivate with Ctrl-A.
You closely miss something. Something hits you!
You are poisoned.
You barely miss something. Your headbutt misses something.
You feel sick.
You hear some strange, mumbled words.
A puff of flame appears from out of thin air!
The puff of flame hits you!
* * * LOW HITPOINT WARNING * * *
You closely miss something.
* * * LOW HITPOINT WARNING * * *
You feel sick. Something hits you!
You die...

****,*,*,***##.#.......#........#
,,,,,,,,,,>,...#.......#.........
,,,*,**########..)..####.........
,,,*,,,,.........................
,,,****###@...#.....#.........[..
,,,*,,,........#...##............
,,,*,**###.....#.#.##...........8
,,,,,,,........#.#......#######..
,,,,,,,........#@#####.## ##..
***,,,,........{..####+##### #...
*,,,,.....).....#........###...
*,,,,...####....#..............
*,,,,..,* #....#........####.8
*,,,,.,,* #....#.......)# #..
**,****** #....#........# ### *,*
###.##........#
*,**********#.###########


There were no monsters in sight!

Vanquished Creatures
  An adder (D:2)
  An ooze (D:1)
  2 dart slugs (D:1)
  A giant gecko (D:1)
  6 bats
  A giant cockroach (D:2)
  5 goblins
  3 jackals (D:1)
  2 ball pythons (D:1)
  3 kobolds (D:1)
  3 rats (D:1)
28 creatures vanquished.

Notes
Turn   | Place    | Note
--------------------------------------------------------------
     0 | D:1      | Gadfly the Demonspawn Monk began the quest for the Orb.
     0 | D:1      | Reached XP level 1. HP: 18/18 MP: 1/1
   227 | D:1      | Gained mutation: You are surrounded by a mild repulsion field (EV +2). [demonic ancestry]
   227 | D:1      | Reached XP level 2. HP: 8/24 MP: 2/2
   622 | D:1      | Reached skill level 4 in Unarmed Combat
   909 | D:1      | Gained mutation: You have a pair of small horns on your head. [demonic ancestry]
   909 | D:1      | Reached XP level 3. HP: 29/29 MP: 3/3
  1208 | D:2      | Gained mutation: Your spells are a little harder to cast, but a little more powerful. [potion of beneficial mutation]
  1339 | D:2      | Noticed Sigmund
  1350 | D:2      | Mangled by Sigmund

Skill      XL: |  1  2 |
---------------+-------+-----
Unarmed Combat | 4 |  4.2
Fighting       | |  3.5
Dodging        | |  2.9
Stealth        | |  1.7

Action                   || total
-------------------------++-------
Melee: Unarmed           ||    84
       Punch             ||     2
       Headbutt          ||     3
  Use: Scroll            ||     6
       Potion            ||     2
 Stab: Sleeping          ||     8
  Eat: Chunk             ||     1
Armor: Robe              ||    19
Dodge: Dodged            ||    62
